 Dungeon Crawl Stone Soup version 0.25.0-11-g1f837a76a1 (webtiles) character file.

Game seed: 14587916571467060967

93 Delamore the Skirmisher (level 4, -1/30 HPs)
             Began as a Gargoyle Fighter on June 25, 2020.
             Slain by an adder (2 damage)
             ... on level 2 of the Dungeon.
             The game lasted 00:01:08 (1655 turns).

Delamore the Skirmisher (Gargoyle Fighter)          Turns: 1655, Time: 00:01:08

Health: -1/30      AC: 10    Str: 20    XL:     4   Next: 62%
Magic:  4/4        EV:  7    Int:  9    God:
Gold:   105        SH:  9    Dex:  9    Spells: 3/3 levels left

rFire    . . .     SeeInvis .   a - +0 flail
rCold    . . .     Gourm    .   c - +0 kite shield
rNeg     + . .     Faith    .   b - +0 scale mail
rPois    ∞         Spirit   .   (no helmet)
rElec    +         Reflect  .   (no cloak)
rCorr    .         Harm     .   (no gloves)
MR       .....                  (no boots)
Stlth    ..........             (no amulet)
HPRegen  0.10/turn              (no ring)
MPRegen  0.09/turn              (no ring)

@: no status effects
A: negative energy resistance 1, electricity resistance, unbreathing,
petrification resistance, rot immunity, AC +3
a: no special abilities


You were on level 2 of the Dungeon.
You were not hungry.

You visited 1 branch of the dungeon, and saw 2 of its levels.

You collected 105 gold pieces.

Inventory:

Hand Weapons
 a - a +0 flail (weapon)
Armour
 b - a +0 scale mail (worn)
 c - a +0 kite shield (worn)
Jewellery
 i - an uncursed ring of poison resistance {unknown}
Scrolls
 h - a scroll of identify {unknown}
 j - a scroll of enchant weapon {unknown}
 k - a scroll of magic mapping {unknown}
 l - a scroll of random uselessness {unknown}
 m - a scroll of remove curse {unknown}
 n - a scroll of fog {unknown}
Potions
 d - a potion of might
 e - a potion of stabbing {unknown}
Comestibles
 f - 3 rations
 g - 4 chunks of flesh


   Skills:
 + Level 4.7 Fighting
 + Level 3.5 Maces & Flails
 - Level 3.2 Armour
 - Level 3.2 Shields


You had 3 spell levels left.
You didn't know any spells.
Your spell library was empty.

Dungeon Overview and Level Annotations

Branches:
Dungeon (2/15)

Altars:
Elyvilon


Innate Abilities, Weirdness & Mutations

You are resistant to torment.
Your stone body is resilient. (AC +3)
You are immune to poison.
You resist negative energy. (rN+)
You are resistant to electric shocks. (rElec)
You can survive without breathing.
You are immune to petrification.
You are immune to rotting.


Message History

You are too injured to fight recklessly!
You are too injured to fight recklessly!
You are too injured to fight recklessly!
You are too injured to fight recklessly!
You are too injured to fight recklessly!
You are too injured to fight recklessly!
You are too injured to fight recklessly!
You closely miss the gnoll.
The gnoll is severely wounded.
The adder bites you.
The quokka bites you but does no damage.
You block the gnoll's attack. The adder completely misses you.
You closely miss the gnoll.
The gnoll is severely wounded.
The quokka bites you but does no damage.
The adder bites you but does no damage. The gnoll hits you with a +0 halberd!
* * * LOW HITPOINT WARNING * * *
The quokka bites you but does no damage.
The gnoll hits you but does no damage. The adder bites you.
You die...

#...........#
#...........#
#...........#
#......$....#
.#...........#
........>?...#
##.....))†...##
......gS@.....#
###...?r).....#
#####
#...........#
#...#
#.....%..†..#
#.#.#
######+#+##.#
#.#.# #.# #.#.#
#.# #.#.# #.#
#.#.#
#.####.#.#


You could see a gnoll, an adder and a quokka.

Vanquished Creatures
  2 gnolls (D:2)
  An adder (D:2)
  An ooze (D:1)
  2 worms (D:1)
  2 dart slugs
  3 giant cockroaches
  4 goblins (D:1)
  5 hobgoblins
  8 jackals (D:1)
  4 kobolds
  2 ball pythons
  9 bats
  A frilled lizard (D:2)
  5 rats
49 creatures vanquished.

Notes
Turn   | Place    | Note
-------+----------+-------------------------------------------
     0 | D:1      | Delamore the Gargoyle Fighter began the quest for the Orb.
     0 | D:1      | Reached XP level 1. HP: 14/14 MP: 1/1
   114 | D:1      | Reached XP level 2. HP: 17/19 MP: 2/2
   435 | D:1      | Reached XP level 3. HP: 17/24 MP: 3/3
   441 | D:1      | Reached skill level 4 in Fighting
  1373 | D:2      | Reached XP level 4. HP: 30/30 MP: 4/4
  1374 | D:2      | Found a white marble altar of Elyvilon.
  1654 | D:2      | HP: 1/30 [gnoll/+0 halberd (10)]
  1655 | D:2      | Slain by an adder

Illustrated notes

Levels and vault maps discovered:
D:1:      psy_arrival_fountain, layout_basic
D:2:      layout_basic, elyvilon_altar_5, led_sif_pool, grunt_ministairs_13,
          minmay_box_of_dots, uniq_robin

Skill      XL: |  1  2  3 |
---------------+----------+-----
Fighting       | 4 |  4.7
Maces & Flails | 3 |  3.5
Armour         | |  3.2
Shields        | |  3.2

Action                   |  1- 3 |  4- 6 || total
-------------------------+-------+-------++-------
Melee: Flail             |   119 |    57 ||   176
  Eat: Chunk             |     2 |     1 ||     3
Armor: Scale mail        |    62 |    62 ||   124
Dodge: Dodged            |    35 |    39 ||    74
Block: Kite shield       |    81 |    57 ||   138
